 Dungeon Crawl Stone Soup version 0.18.1-6-gd335043 (webtiles) character file.

3204 GordonOverkill the Slicer (level 10, -3/76 HPs)
             Began as a Halfling Berserker on May 20, 2016.
             Was an Elder of Trog.
             Slain by an ice devil (22 damage)
             ... summoned by a deep elf mage
             ... on level 8 of the Dungeon.
             The game lasted 00:25:18 (7557 turns).

GordonOverkill the Slicer (Halfling Berserker)      Turns: 7557, Time: 00:25:18

Health: -3/76      AC: 15    Str: 20    XL:     10   Next: 17%
Magic:  10/10      EV: 12    Int:  6    God:    Trog [****..]
Gold:   523        SH:  0    Dex: 15    Spells: 0 memorised, 9 levels left

rFire  + + .     SeeInvis .     x - +1 dagger (venom)
rCold  . . .     Gourm    .     o - +3 scale mail {MR+}
rNeg   + . .     Faith    .     (shield restricted)
rPois  .         Spirit   .     y - +2 helmet
rElec  .         Dismiss  .     L - +0 cloak of the Will of the Gods {+Fly rF+ rN+}
rCorr  .         Reflect  .     e - +1 pair of gloves
SustAt .         Harm     .     (no boots)
MR     +....                    H - amulet of rage
Stlth  ..........               B - ring of protection from fire
                                s - +4 ring of slaying

@: exhausted, slowed, drained, very slow, somewhat resistant to hostile
enchantments, extremely unstealthy
A: mutation resistance 1
a: Berserk, Trog's Hand, Brothers in Arms, Burn Spellbooks, Renounce Religion,
Evoke Berserk Rage, Evoke Flight


You were on level 8 of the Dungeon.
You worshipped Trog.
Trog was greatly pleased with you.
You were hungry.

You visited 1 branch of the dungeon, and saw 8 of its levels.
You also visited: Ossuary.

You collected 523 gold pieces.

Inventory:

Hand Weapons
 x - a +1 dagger of venom (weapon)
Missiles
 q - a throwing net (quivered)
Armour
 e - a +1 pair of gloves (worn)
 o - a +3 scale mail of magic resistance (worn)
 y - a +2 helmet (worn)
 L - the +0 cloak of the Will of the Gods (worn) {+Fly rF+ rN+}
   (You found it on level 8 of the Dungeon)

   It protects you from fire.
   It protects you from negative energy.
   It lets you fly.
Jewellery
 s - a +4 ring of slaying (left hand)
 B - a ring of protection from fire (right hand)
 H - an amulet of rage (around neck)
Wands
 i - a wand of digging (0/24)
 r - a wand of acid (4/15)
 t - a wand of iceblast (7/15)
 v - a wand of paralysis (14/24)
 E - a wand of iceblast (6/15)
 K - a wand of flame (32/48)
Scrolls
 d - 4 scrolls of enchant weapon
 f - a scroll of remove curse
 j - 7 scrolls of enchant armour
 k - a scroll of fog
 u - 2 scrolls of teleportation
Potions
 a - a potion of cancellation {unknown}
 b - 3 potions of heal wounds
 g - a potion of might {unknown}
 h - 2 potions of resistance
 m - 2 potions of invisibility {unknown}
 n - a potion of agility {unknown}
 z - a potion of lignification {unknown}
 A - 2 potions of magic
 C - a potion of flight {unknown}
 D - 8 potions of curing
 F - a potion of degeneration {unknown}
 G - a potion of haste {unknown}
 I - a potion of beneficial mutation {unknown}
Comestibles
 c - 4 bread rations
 l - 2 slices of pizza
 w - 2 meat rations


   Skills:
 + Level 9.9(9.6) Fighting
 - Level 12.0(11.6) Short Blades
 - Level 2.1(1.9) Armour
 - Level 2.1(1.9) Dodging


You had 9 spell levels left.
You didn't know any spells.

Dungeon Overview and Level Annotations

Branches:
Dungeon (8/15)             Temple (0/1) D:4
   Lair: D:8-11

Altars:
Elyvilon
Kikubaaqudgha
Nemelex Xobeh
Qazlal
Trog
Xom
Yredelemnul


Innate Abilities, Weirdness & Mutations

You are small and have problems with some larger weapons.
You are somewhat resistant to further mutation.


Message History

The ice devil is lightly wounded.
The ice devil hits you but does no damage.
The deep elf mage hits you but does no damage.
You hit the ice devil but do no damage.
The ice devil is lightly wounded.
The ice devil closely misses you.
You puncture the ice devil!
The ice devil is poisoned.
The ice devil is moderately wounded.
The deep elf mage gestures at you while chanting.
The bolt of negative energy hits you! You partially resist.
You feel drained. The ice devil barely misses you.
You hit the ice devil.
The ice devil is heavily wounded.
The deep elf mage casts a spell.
You hit the ice devil.
The ice devil is heavily wounded.
The ice devil hits you!
* * * LOW HITPOINT WARNING * * *
The ice devil freezes you!!
You die...

*,,,,,* #...#.# *,*,* #.#.#.
*,,,,,*##.....##*,*,* #<#.#.
*,,.,,*#.......#*,#.####....
*,,..,*#.......#*,#.........
*,,...##.......#*,######....
*,,............##.* #...)
****#.............* #....
#.......####*** ####.
#......@#..# #.
#.....4)e).######## #.
#########4##......# #.
#.##.####.# ## ######.##.#
#.# #......##.# #.#####
#.#######.# #.....#
#.#.......# #####.#
#.#.####### #.#


You could see an orange demon, an ice devil and a deep elf mage.

Vanquished Creatures
  Eustachio (D:4)
  A steam dragon (D:8)
  Edmund (D:4)
  An ice beast (D:7)
  An ogre (D:8)
  2 phantoms
  2 centaurs
  A giant frog (D:7)
  5 water moccasin zombies (Ossuary)
  5 scorpions
  4 wights (D:4)
  The ghost of vuolankoinen the Magician, a weakling HuWn (D:3)
  A giant frog zombie (D:6)
  7 crimson imps
  A hound (D:6)
  A quasit (D:5)
  2 centaur zombies
  Crazy Yiuf (D:2)
  2 orc priests
  3 jellies
  3 orc wizards (D:7)
  Terence (D:2)
  2 centaur skeletons (D:5)
  3 giant frog skeletons
  An iguana (D:4)
  Natasha (thrice) (D:2)
  2 worker ants (D:4)
  5 big kobold zombies (Ossuary)
  A hound skeleton (D:4)
  3 mummies
  Robin (D:4)
  A worker ant zombie (D:5)
  9 adders
  8 gnolls
  An ooze (D:5)
  6 adder zombies (Ossuary)
  An adder skeleton (D:5)
  3 worms (D:3)
  4 dart slugs
  3 giant geckos
  23 orcs
  6 giant cockroaches
  13 goblins
  11 hobgoblins
  8 jackals
  7 kobolds
  4 quokkas
  A ball python (D:2)
  2 bats (D:1)
  2 giant newts
  3 gnoll zombies (Ossuary)
  2 hobgoblin zombies (Ossuary)
  4 kobold zombies (Ossuary)
  4 rats
  A spectral orc (D:6)
  A bush (D:6)
196 creatures vanquished.

Notes
Turn   | Place    | Note
--------------------------------------------------------------
     0 | D:1      | GordonOverkill the Halfling Berserker began the quest for the Orb.
     0 | D:1      | Reached XP level 1. HP: 15/15 MP: 1/1
   176 | D:1      | Reached XP level 2. HP: 20/20 MP: 2/2
   406 | D:1      | Reached skill level 5 in Short Blades
   530 | D:1      | Reached XP level 3. HP: 16/25 MP: 3/3
   940 | D:2      | Reached ** piety under Trog
  1147 | D:2      | Noticed Terence
  1152 | D:2      | Reached skill level 6 in Short Blades
  1152 | D:2      | Reached XP level 4. HP: 25/30 MP: 4/4
  1162 | D:2      | Killed Terence
  1292 | D:2      | Noticed Natasha
  1303 | D:2      | Killed Natasha
  1303 | D:2      | Reached skill level 7 in Short Blades
  1303 | D:2      | Reached XP level 5. HP: 33/35 MP: 5/5
  1543 | D:2      | Noticed Crazy Yiuf
  1552 | D:2      | Killed Crazy Yiuf
  1724 | D:2      | Noticed Natasha
  1732 | D:2      | Killed Natasha
  1828 | D:2      | Noticed Natasha
  1833 | D:2      | Killed Natasha
  1833 | D:2      | Reached skill level 8 in Short Blades
  1834 | D:2      | Reached XP level 6. HP: 41/41 MP: 6/6
  2006 | D:3      | Noticed vuolankoinen's ghost (weakling HuWn)
  2012 | D:3      | Killed vuolankoinen's ghost
  2012 | D:3      | Reached skill level 9 in Short Blades
  2496 | D:3      | Found a white marble altar of Elyvilon.
  2569 | D:3      | Found a shimmering altar of Xom.
  2878 | D:3      | Found a stormy altar of Qazlal.
  2973 | D:3      | Reached XP level 7. HP: 45/45 MP: 7/7
  3017 | D:3      | Reached *** piety under Trog
  3151 | D:3      | Reached skill level 10 in Short Blades
  3303 | D:4      | Noticed Edmund
  3320 | D:4      | Killed Edmund
  3413 | D:4      | Noticed Robin
  3431 | D:4      | Killed Robin
  3437 | D:4      | Reached XP level 8. HP: 49/53 MP: 8/8
  3514 | D:4      | Noticed Eustachio
  3525 | D:4      | Killed Eustachio
  3525 | D:4      | Reached skill level 11 in Short Blades
  3632 | D:4      | Found a staircase to the Ecumenical Temple.
  3855 | D:4      | Reached skill level 5 in Fighting
  3946 | D:5      | Entered Level 5 of the Dungeon
  4140 | D:5      | Reached skill level 12 in Short Blades
  4440 | D:5      | Reached XP level 9. HP: 62/62 MP: 9/9
  4506 | D:5      | Reached **** piety under Trog
  5809 | D:6      | Found a basalt altar of Yredelemnul.
  5915 | D:7      | Found a basalt altar of Yredelemnul.
  6105 | D:7      | Found a bloodstained altar of Trog.
  6374 | D:7      | Found a sparkling altar of Nemelex Xobeh.
  6602 | D:8      | Found an ancient bone altar of Kikubaaqudgha.
  6667 | D:8      | Found a sand-covered staircase.
  6679 | Ossuary  | Entered an ossuary
  6739 | Ossuary  | Reached XP level 10. HP: 65/74 MP: 10/10
  7357 | D:8      | Got a distressingly furry cloak
  7368 | D:8      | Identified the +0 cloak of the Will of the Gods {+Fly rF+ rN+} (You found it on level 8 of the Dungeon)
  7486 | D:8      | Noticed a deep elf mage
  7515 | D:8      | Noticed a rust devil
  7522 | D:8      | Noticed a demonic crawler
  7551 | D:8      | Noticed an ice devil
  7557 | D:8      | Noticed an orange demon
  7557 | D:8      | Slain by an ice devil

Skill      XL: |  1  2  3  4  5  6  7  8  9 |
---------------+----------------------------+-----
Short Blades   | 5 6 7 8 9 10 12 | 12.0
Fighting       | 3 5 9 |  9.9
Armour         | |  2.1
Dodging        | |  2.1

Action                   |  1- 3 |  4- 6 |  7- 9 | 10-12 || total
-------------------------+-------+-------+-------+-------++-------
Melee: Short sword       |    74 |   126 |       |       ||   200
       Dagger            |       |    25 |   537 |   232 ||   794
Invok: Berserk           |     1 |     5 |     4 |     1 ||    11
       Trog's Hand       |       |     1 |     2 |       ||     3
       Burn Spellbooks   |       |       |     1 |       ||     1
  Use: Scroll            |       |       |    14 |     1 ||    15
  Eat: Chunk             |     2 |    11 |    16 |     3 ||    32
Armor: Animal skin       |     8 |     1 |       |       ||     9
       Scale mail        |       |    31 |   152 |    65 ||   248
Dodge: Dodged            |    45 |    61 |   159 |   105 ||   370
